[Event "Late-Titled-Tuesday-Blitz-March-05-2024"]
[Site "Chess.com"]
[Date "2024.03.05"]
[Round "11"]
[White "Bugcrusher"]
[Black "PepeCuenca"]
[Result "0-1"]
[WhiteElo "2521"]
[BlackElo "2679"]
[TimeControl "180+1"]
[EndTime "16:02:27 PST"]
[Termination "PepeCuenca won by checkmate"]

1. d4 d6 2. e4 Nf6 3. Nc3 e5 4. Nf3 Nbd7 5. g4 Nxg4 6. Rg1 Ngf6 7. Bc4 h6 8. Be3 c6 9. dxe5 dxe5 10. Qd3 b5 11. Nxb5 cxb5 12. Bxb5 Rb8 13. O-O-O Qa5 14. a4 a6 15. Nxe5 axb5 16. Nc6 Qa8 17. Nxb8 Qxb8 18. e5 Qxe5 19. Rge1 Be7 20. f4 Qe4 21. Qxe4 Nxe4 22. Bd4 f5 23. axb5 O-O 24. b6 Ndc5 25. b4 Ne6 26. b7 Bxb7 27. Bxg7 Nxg7 28. Rd7 Bxb4 29. Rg1 Rf7 30. Rxf7 Kxf7 31. c4 Bd2+ 32. Kc2 Bxf4 33. h4 Ne6 34. h5 Bg5 35. c5 N4xc5 36.
Kc3 f4 37. Kd2 f3+ 38. Ke1 Bh4+ 39. Kf1 Ba6# 0-1

[Event "Late-Titled-Tuesday-Blitz-March-05-2024"]
[Site "Chess.com"]
[Date "2024.03.05"]
[Round "11"]
[White "emeli_chess"]
[Black "aranibos"]
[Result "1-0"]
[WhiteElo "2403"]
[BlackElo "2277"]
[TimeControl "180+1"]
[EndTime "16:02:28 PST"]
[Termination "emeli_chess won by resignation"]

1. d4 Nf6 2. c4 c5 3. d5 b5 4.
cxb5 a6 5. b6 Qxb6 6. Nc3 g6 7.
a4 a5 8. e4 d6 9. Bb5+ Bd7 10.
Nf3 Bg7 11. Nd2 O-O 12. Nc4 Qc7 13. O-O Na6 14. Qe2 Nb4 15. Re1 Ng4 16. Bxd7 Qxd7 17. Nb6 Qb7 18. Nxa8 Qxa8 19. Qxg4 Nc2 20. Bd2 Nxe1 21.
Rxe1 Rb8 22. Nb5 Bxb2 23. h4 h5 24. Qd7 Bf6 25. Bg5 Rb7 26. Qc6 Bxg5 27. hxg5 Qb8 28. f4 Rb6 29. Qd7 Rb7 30. Qh3 c4 31. Qc3 Qd8 32.
Qxc4 Qb6+ 33. Kh2 Qf2 34. Rf1 Qh4+ 35. Kg1 Rb8 36. Qe2 Rc8 37. Qf2 Qg4 38. Qf3 Rc4 39.
Qxg4 hxg4 40. e5 dxe5 41. fxe5 Rxa4 42. d6 exd6 43. exd6 Rb4 44. d7 1-0

[Event "Late-Titled-Tuesday-Blitz-March-05-2024"]
[Site "Chess.com"]
[Date "2024.03.05"]
[Round "11"]
[White "ansko1999"]
[Black "adricalderon8"]
[Result "0-1"]
[WhiteElo "2646"]
[BlackElo "2531"]
[TimeControl "180+1"]
[EndTime "16:02:29 PST"]
[Termination "adricalderon8 won by checkmate"]

1. h4 d5 2. d4 c5 3. c3 Nc6 4. Nf3 Nf6 5. Bf4 Bf5 6. e3 e6 7. Qb3 Qc8 8. Nbd2 Be7 9. h5 h6 10. Ne5 Nxe5 11. Bxe5 O-O 12. f3 cxd4 13. exd4 Nd7 14. Bf4 a6 15. g4 Bh7 16. Be2 b5 17. O-O Nb6 18. Be5 Nc4 19. Nxc4 bxc4 20. Qd1 Ra7 21. Qd2 Rb7 22. Bd1 Bd3 23. Rf2 Qd8 24. b3 a5 25. Bc2 Bxc2 26. Qxc2 Bd6 27. bxc4 Bxe5 28. dxe5 dxc4 29. Qe4 Qc7 30. Rd1 Rbb8 31.
Rfd2 Qc5+ 32. Kg2 a4 33. Kg3 a3 34. Qf4 Rb5 35. Re1 Rb2 36. g5 hxg5 37. Qxg5 f6 38.
Qf4 fxe5 39. Qg5 Rxd2 40. Qxd2 e4 41. Rxe4 Qxh5 42. Rg4 Qe5+ 43. Kg2 Rb8 44. Qg5 Rb2+ 45. Kg1 Qh2+ 46. Kf1 Qf2# 0-1

[Event "Late-Titled-Tuesday-Blitz-March-05-2024"]
[Site "Chess.com"]
[Date "2024.03.05"]
[Round "11"]
[White "rychessmaster1"]
[Black "MathiasWomacka"]
[Result "1-0"]
[WhiteElo "2716"]
[BlackElo "2548"]
[TimeControl "180+1"]
[EndTime "16:02:32 PST"]
[Termination "rychessmaster1 won on time"]

1. d4 Nf6 2. Nc3 d5 3. Bf4 a6 4. e3 e6 5. Nf3 c5 6. dxc5 Bxc5 7.
Bd3 Nc6 8. O-O b5 9. e4 b4 10. exd5 bxc3 11. dxc6 cxb2 12. Rb1 Nd5 13. Be5 f6 14.
Bxb2 O-O 15. Nd4 Qc7 16. Qf3 Nf4 17. Bc4 Kh8 18. Nb3 Be7 19. Bc3 e5 20. Ba5 Qa7 21. Rfd1 Rb8 22. c7 Rb7 23. Rd8 Rxc7 24. Bxc7 Qxc7 25.
Rxf8+ Bxf8 26. Bd3 Nxd3 27. Qxd3 g6 28. Nd2 Bf5 29. Ne4 Kg7 30. h3 Qc6 31. f3 Be7 32.
Kh2 h5 33. Qe3 h4 34. c3 Be6 35. Rb6 Qd7 36. Nc5 Bxc5 37. Qxc5 Kh6 38. Qd6 Qxd6 39. Rxd6 Bxa2 40. Rxa6 Bc4 41. Rxf6 Kg5 42. Rc6 1-0

[Event "Late-Titled-Tuesday-Blitz-March-05-2024"]
[Site "Chess.com"]
[Date "2024.03.05"]
[Round "11"]
[White "PapaieDudu"]
[Black "Ze-Pequeno"]
[Result "1-0"]
[WhiteElo "2440"]
[BlackElo "2312"]
[TimeControl "180+1"]
[EndTime "16:02:32 PST"]
[Termination "PapaieDudu won on time"]

1. Nf3 Nf6 2. d4 d5 3. c4 e6 4. Nc3 dxc4 5. e3 a6 6. Bxc4 b5 7. Bb3 c5 8. O-O Bb7 9. Qe2 Nbd7 10. a4 b4 11. Nb1 Bd6 12. a5 O-O 13. Rd1 Qc7 14.
Nbd2 cxd4 15. exd4 Rac8 16. Nc4 Bxf3 17. Qxf3 Bxh2+ 18.
Kh1 Bd6 19. Bg5 h6 20. Nxd6 Qxd6 21. Bf4 Qe7 22. Re1 Qd8 23. Bd6 Re8 24. Bxb4 Rb8 25. Bd6 Rb5 26. Qc3 Nd5 27. Qf3 N7f6 28. Bc5 Rxa5 29. Ba4 Rxa4 30. Rxa4 Qc8 31. b4 Qb7 32. Rea1 Qb5 33. Rxa6 Qc4 34. Ra8 Rxa8 35. Rxa8+ Kh7 36.
Kh2 Qc2 37. Ra3 g6 38. Be7 Ne4 39. Qxf7+ 1-0

[Event "Late-Titled-Tuesday-Blitz-March-05-2024"]
[Site "Chess.com"]
[Date "2024.03.05"]
[Round "11"]
[White "cthulhuuu"]
[Black "Arlo2024"]
[Result "0-1"]
[WhiteElo "2416"]
[BlackElo "2300"]
[TimeControl "180+1"]
[EndTime "16:02:32 PST"]
[Termination "Arlo2024 won on time"]

1. e4 e6 2. d3 d5 3. Nd2 c5 4.
Ngf3 Nc6 5. g3 Bd6 6. Bg2 Nge7 7. O-O O-O 8. Re1 Qc7 9. Qe2 f6 10. c3 d4 11. Nc4 e5 12. a4 Be6 13. Nxd6 Qxd6 14.
c4 Nb4 15. a5 b6 16. Nh4 b5 17.
b3 bxc4 18. bxc4 Rab8 19. f4 Nbc6 20. Bf3 Rb3 21. Rd1 Qd7 22. f5 Bf7 23. Bh5 Qe8 24.
Bxf7+ Qxf7 25. Qg4 Rfb8 26. Nf3 Nb4 27. Ne1 Nbc6 28.
Qe2 a6 29. Qc2 Qh5 30. Ba3 Rc3 31. Qd2 Nb4 32. Rdc1 Rxc1 33. Rxc1 Nec6 34. Rb1 Qg4 35. Qd1 Qxd1 36. Rxd1 Nxa5 37. Rb1 Nac6 38. Bxb4 Rxb4 39. Ra1 a5 40. Nc2 Rb3 41. Ra3 Rb1+ 42. Kf2 Rb2 0-1

[Event "Late-Titled-Tuesday-Blitz-March-05-2024"]
[Site "Chess.com"]
[Date "2024.03.05"]
[Round "11"]
[White "zano2023"]
[Black "kalxandria"]
[Result "0-1"]
[WhiteElo "2107"]
[BlackElo "2164"]
[TimeControl "180+1"]
[EndTime "16:02:39 PST"]
[Termination "kalxandria won by checkmate"]

1. d4 Nf6 2. Nd2 g6 3. e4 d6 4. Ngf3 Bg7 5. Bd3 O-O 6. O-O c6 7. Re1 Nbd7 8. Nf1 Qc7 9. Ng3 e5 10. c3 Re8 11. h3 Nf8 12. Be3 Ne6 13. Qd2 Bd7 14. Rad1 Rad8 15. Nh4 Bc8 16. Bh6 exd4 17. cxd4 Nxd4 18. Bxg7 Kxg7 19. Qg5 h6 20. Qd2 Ne6 21.
Rf1 d5 22. exd5 Nxd5 23. a3 Nef4 24. Be4 Nf6 25. Qc2 Rxd1 26. Rxd1 Nxe4 27. Nxe4 Qe5 28. Ng3 Qg5 29. Nf3 Qf6 30. Kh2 Nxh3 31. Rd3 Ng5 32.
Nxg5 Qxg5 33. Qc3+ Kh7 34. Rf3 Be6 35. Ne4 Qh4+ 36. Kg1 Qxe4 37. Qf6 Qg4 38. Rg3 Qh5 39. Rd3 Bc4 40. Rd7 Re1# 0-1

[Event "Late-Titled-Tuesday-Blitz-March-05-2024"]
[Site "Chess.com"]
[Date "2024.03.05"]
[Round "11"]
[White "vladgoncharov"]
[Black "Slovineanu"]
[Result "1-0"]
[WhiteElo "2621"]
[BlackElo "2480"]
[TimeControl "180+1"]
[EndTime "16:02:41 PST"]
[Termination "vladgoncharov won on time"]

1. d4 Nf6 2. c4 e6 3. Nc3 d5 4.
Bg5 c5 5. cxd5 cxd4 6. Qa4+ Qd7 7. Qxd4 Nc6 8. Qd1 Nxd5 9. Nxd5 Qxd5 10. Qxd5 exd5 11.
a3 d4 12. g3 Be6 13. Bg2 Rc8 14. Rc1 h6 15. Bd2 Be7 16. Nh3 g5 17. f4 f6 18.
Nf2 Kf7 19. Nd3 Rhe8 20. Kf2 Bd6 21. Nc5 Bg4 22. Rhe1 Re7 23. h3 Be6 24. b4 gxf4 25. gxf4 Bf5 26. Nxb7 Rxb7 27. Bxc6 Rbc7 28. Bd5+ Ke7 29.
h4 h5 30. Bf3 Bg4 31. Rxc7+ Rxc7 32. Be4 f5 33. Bd3 Ke6 34. e4 fxe4 35. Rxe4+ Kd5 36. Re8 Rf7 37. Kg3 Re7 38. Rxe7 Bxe7 39. f5 Bd6+ 40. Bf4 Be7 41. Bb8 1-0

[Event "Late-Titled-Tuesday-Blitz-March-05-2024"]
[Site "Chess.com"]
[Date "2024.03.05"]
[Round "11"]
[White "C_K_G"]
[Black "Tugrik1969"]
[Result "1-0"]
[WhiteElo "2202"]
[BlackElo "2389"]
[TimeControl "180+1"]
[EndTime "16:02:41 PST"]
[Termination "C_K_G won on time"]

1. e4 c5 2. Nf3 d6 3. d4 cxd4 4. Nxd4 Nf6 5. Nc3 g6 6. Be2 Bg7 7. Be3 O-O 8. O-O Nc6 9. f4 Bd7 10. Nb3 Rc8 11. Kh1 Na5 12. Bxa7 Rxc3 13. bxc3 Nxe4 14.
Bd4 e5 15. fxe5 dxe5 16. Bf3 exd4 17. Bxe4 Nc4 18. Qd3 Nb2 19. Qf3 dxc3 20. Bxb7 Qh4 21. Qf4 Qh5 22. Bf3 Qb5 23. a4 Qb6 24. a5 Qa7 25. a6 Bf5 26. Be4 Be6 27. Qd6 Nc4 28. Qc6 Nd2 29. Nxd2 cxd2 30. Rad1 Rd8 31. Qb7 Qxb7 32.
Bxb7 Bg4 33. a7 Bxd1 34. Rxd1 Bc3 35. a8=Q Rxa8 36. Bxa8 1-0

[Event "Late-Titled-Tuesday-Blitz-March-05-2024"]
[Site "Chess.com"]
[Date "2024.03.05"]
[Round "11"]
[White "Veleamater"]
[Black "annacramling"]
[Result "1-0"]
[WhiteElo "2312"]
[BlackElo "2087"]
[TimeControl "180+1"]
[EndTime "16:02:42 PST"]
[Termination "Veleamater won on time"]

1. g3 d5 2. Bg2 c5 3. d3 Nc6 4. Nf3 e5 5. O-O Nf6 6. Nc3 Be7 7. e4 d4 8. Ne2 O-O 9. h3 Be6 10.
Ne1 Qd7 11. Kh2 c4 12. f4 g6 13. Nf3 cxd3 14. cxd3 exf4 15. gxf4 Rac8 16. Ng3 Nb4 17. Ne5 Qb5 18. a4 Qc5 19. Bd2 Nc2 20. Rc1 Bb3 21. Qf3 Bxa4 22. Ng4 Nxg4+ 23. Qxg4 h5 24. Qf3 h4 25. Ne2 Qh5 26. Qf2 Nb4 27. Bf3 Qb5 28. Bxb4 Qxb4 29. Rg1 Qxb2 30. Rxc8 Rxc8 31. f5 Be8 32. e5 Rc2 33. Rg2 g5 34. f6 Bxf6 35. exf6 Kf8 36. Rxg5 Qb6 37. Bg4 Qd6+ 38. Kg2 Qc6+ 39. Bf3 Qxf6 40. Rg4 Bc6 41. Rf4 Qg6+ 42. Kf1 Qxd3 43. Bxc6 Qd1+ 44. Kg2 bxc6 45. Re4 1-0

[Event "Late-Titled-Tuesday-Blitz-March-05-2024"]
[Site "Chess.com"]
[Date "2024.03.05"]
[Round "11"]
[White "MaiqMaster"]
[Black "Yurovskykh_Oleksandr"]
[Result "0-1"]
[WhiteElo "2339"]
[BlackElo "2629"]
[TimeControl "180+1"]
[EndTime "16:02:46 PST"]
[Termination "Yurovskykh_Oleksandr won on time"]

1. d4 d5 2. c4 e6 3. Nf3 Nf6 4.
g3 Bb4+ 5. Nbd2 O-O 6. Bg2 dxc4 7. Qc2 b5 8. a4 c6 9. axb5 cxb5 10. Ng5 Nc6 11.
Bxc6 Rb8 12. e3 h6 13. Ne4 Nd5 14. Nc3 a6 15. O-O Qd6 16. Bxd5 exd5 17. b3 Be6 18. bxc4 dxc4 19. Nde4 Qc6 20. d5 Bxd5 21. Nxd5 Qxd5 22.
Rd1 Qc6 23. Bb2 Rfe8 24. Nc3 Bf8 25. Nd5 b4 26. Qa4 Qxa4 27. Rxa4 c3 28. Ba1 Rec8 29.
Rxa6 Rb5 30. e4 Rc4 31. f3 Bc5+ 32. Kf1 c2 33. Rc1 b3 34. Bb2 Bd4 35. Bxd4 Rxd4 36. Rc6 Rd1+ 37. Ke2 Rxc1 0-1

[Event "Late-Titled-Tuesday-Blitz-March-05-2024"]
[Site "Chess.com"]
[Date "2024.03.05"]
[Round "11"]
[White "ameetghasi100"]
[Black "jcibarra"]
[Result "1-0"]
[WhiteElo "2809"]
[BlackElo "2916"]
[TimeControl "180+1"]
[EndTime "16:02:47 PST"]
[Termination "ameetghasi100 won on time"]

1. Nf3 d6 2. g3 e5 3. Bg2 f5 4.
O-O Nf6 5. c4 Be7 6. Nc3 O-O 7.
d4 e4 8. Ng5 c6 9. d5 Na6 10. f3 h6 11. Nh3 exf3 12. Bxf3 g5 13. dxc6 bxc6 14. Nf2 Qb6 15. Na4 Qc7 16. b3 Be6 17.
Bb2 Rad8 18. Rc1 Nc5 19. Nxc5 dxc5 20. Qc2 Bd6 21. Qc3 Kh7 22. e4 Be7 23. exf5 Bxf5 24. Rce1 Rf7 25. Ng4 Rd3 26. Qe5 Qd7 27. Bxc6 Bxg4 28.
Bxd7 Rxd7 29. Rxf6 Bxf6 30. Qe4+ Kg8 31. Bxf6 Rxf6 32.
Qxg4 Rdf7 33. Qe2 Kg7 34. Qb2 Kg6 35. Qc2+ Kh5 36. h3 Rf3 37. Kg2 R7f6 38. Qe2 g4 39. hxg4+ Kxg4 40. Rf1 1-0

[Event "Late-Titled-Tuesday-Blitz-March-05-2024"]
[Site "Chess.com"]
[Date "2024.03.05"]
[Round "11"]
[White "LUISMIGUELOV"]
[Black "TheMagician"]
[Result "0-1"]
[WhiteElo "2153"]
[BlackElo "2204"]
[TimeControl "180+1"]
[EndTime "16:02:48 PST"]
[Termination "TheMagician won by resignation"]

1. e3 e5 2. b3 c5 3. Bb2 Nc6 4. c4 Nf6 5. Nc3 d5 6. cxd5 Nxd5 7. g3 Ndb4 8. d3 Bf5 9. e4 Be6 10.
a3 Na6 11. Nge2 Qd7 12. Qc2 Rc8 13. Bg2 Nd4 14. Nxd4 cxd4 15. O-O dxc3 16. Bxc3 f6 17. Qb2 Nc5 18. d4 exd4 19. Bxd4 Nxb3 20. Rad1 Nxd4 21. Rxd4 Qc7 22. Rfd1 Bc5 23. R4d2 O-O 24. e5 b6 25.
exf6 Rxf6 26. Re1 Bf7 27. Rde2 Rf8 28. Bh3 Qd6 29. Rf1 Bxa3 30. Qb5 Qc5 31. Qd7 a5 32. Be6 Bxe6 33. Rxe6 Rxf2 34. Rc6 Rxf1+ 35. Kg2 Qf2+ 36. Kh3 Qf5+ 37. Qxf5 R1xf5 38. Rxb6 Bb4 0-1

[Event "Late-Titled-Tuesday-Blitz-March-05-2024"]
[Site "Chess.com"]
[Date "2024.03.05"]
[Round "11"]
[White "Mikasinski"]
[Black "Byniolus"]
[Result "0-1"]
[WhiteElo "2686"]
[BlackElo "2790"]
[TimeControl "180+1"]
[EndTime "16:02:49 PST"]
[Termination "Byniolus won on time"]

1. e4 d6 2. d4 Nf6 3. Nc3 c6 4.
Nf3 Bg4 5. Be2 e6 6. Bf4 Be7 7. Qd2 d5 8. exd5 cxd5 9. Ne5 Bxe2 10. Qxe2 O-O 11. O-O-O Nc6 12. g4 Rc8 13. g5 Nd7 14.
Nxd7 Qxd7 15. h4 Na5 16. Rd3 Rc6 17. h5 Rfc8 18. g6 fxg6 19. hxg6 h6 20. Rh5 Nc4 21. Nd1 Qe8 22. Rg3 Bf6 23. Bxh6 gxh6 24. Rxh6 Nxb2 25. Nxb2 Rxc2+ 26. Qxc2 Rxc2+ 27. Kxc2 Qc6+ 28. Kb1 Bg7 29. Rh1 Qb6 30. Rd1 Bxd4 31. Rb3 Qc5 32. Nd3 Qe7 33.
Nf4 Be5 34. Nd3 Bd6 35. Rc1 Kg7 0-1

[Event "Late-Titled-Tuesday-Blitz-March-05-2024"]
[Site "Chess.com"]
[Date "2024.03.05"]
[Round "11"]
[White "Jospem"]
[Black "VladimirKramnik"]
[Result "1-0"]
[WhiteElo "3108"]
[BlackElo "2982"]
[TimeControl "180+1"]
[EndTime "16:02:50 PST"]
[Termination "Jospem won on time"]

1. e4 c5 2. Nf3 d6 3. c3 Nf6 4. h3 Nc6 5. Bd3 e5 6. Bc2 d5 7. exd5 Qxd5 8. Qe2 Be7 9. d3 O-O 10. Nbd2 Bf5 11. Ne4 Rad8 12. Bg5 Bg6 13. Bxf6 Bxf6 14.
g4 b5 15. h4 c4 16. dxc4 Qxc4 17. Qxc4 bxc4 18. h5 Bxe4 19. Bxe4 Rd6 20. Rd1 Rfd8 21. Rxd6 Rxd6 22. Ke2 Na5 23. Rd1 Rxd1 24. Kxd1 Kf8 25. Bxh7 Nb7 26. g5 Bd8 27. Nxe5 Nd6 28. Nf3 Bb6 29. Ke2 f6 30. gxf6 gxf6 31. Bg6 Kg7 32. Nd2 Kh6 33. f4 f5 34. Nf1 Kg7 35. Ne3 Kf6 36. Nd5+ Kg7 37. Nxb6 axb6 38. Ke3 Kf6 39. Kd4 b5 40. Kc5 1-0

[Event "Late-Titled-Tuesday-Blitz-March-05-2024"]
[Site "Chess.com"]
[Date "2024.03.05"]
[Round "11"]
[White "Lukianoo"]
[Black "FairChess_on_YouTube"]
[Result "0-1"]
[WhiteElo "2880"]
[BlackElo "3098"]
[TimeControl "180+1"]
[EndTime "16:02:50 PST"]
[Termination "FairChess_on_YouTube won by checkmate"]

1. e4 c5 2. Nf3 e6 3. c3 d5 4.
e5 Nc6 5. d4 Qb6 6. Bd3 Bd7 7.
dxc5 Bxc5 8. Qe2 a5 9. Nbd2 a4 10. b4 axb3 11. Nxb3 Be7 12. O-O Qc7 13. Nbd4 Nh6 14.
Nb5 Qb8 15. Bxh6 gxh6 16. Qe3 Ra4 17. h3 Rg8 18. Bxh7 Rg7 19. Bc2 Rc4 20. Bd3 Ra4 21.
Rab1 Kf8 22. Nbd4 Kg8 23. Bb5 Nxd4 24. cxd4 Ra3 25. Qe2 Bxb5 26. Rxb5 Qa8 27. Rfb1 Rxa2 28. R1b2 Ra1+ 29. Kh2 Qc8 30. Rxb7 Qc1 31. Rb8+ Bf8 32. g4 Qh1+ 33. Kg3 h5 34. Rxf8+ Kxf8 35. Rb8+ Ke7 36. Qb2 Rg1+ 37. Nxg1 h4+ 38. Kf4 Qe4# 0-1

[Event "Late-Titled-Tuesday-Blitz-March-05-2024"]
[Site "Chess.com"]
[Date "2024.03.05"]
[Round "11"]
[White "XDPS"]
[Black "Bykov_Egor"]
[Result "1-0"]
[WhiteElo "2896"]
[BlackElo "2626"]
[TimeControl "180+1"]
[EndTime "16:02:50 PST"]
[Termination "XDPS won on time"]

1. d4 Nf6 2. Nf3 g6 3. Bf4 Bg7 4. e3 d6 5. h3 O-O 6. Be2 b6 7. O-O Bb7 8. c3 Re8 9. Bh2 Nc6 10. a4 a6 11. Qc2 e5 12. Rd1 Qe7 13. Na3 exd4 14. cxd4 Nb4 15. Qb3 c5 16. Nc4 Bd5 17.
dxc5 dxc5 18. Rxd5 Nfxd5 19. Rd1 Rad8 20. Na3 Qe6 21. Bc4 Qc6 22. Bg3 Rd7 23. Re1 Nc7 24. Ng5 Qf6 25. Nxf7 Rxf7 26. Bxf7+ Qxf7 27. Qxf7+ Kxf7 28. Bxc7 Nd5 29. Bg3 Bxb2 30. Nc4 Bc3 31. Rd1 Ke6 32. e4 Ne7 33. Rd6+ Kf7 34. Rxb6 Ra8 35. Rb7 Kf6 36. Bh4+ g5 37. Bxg5+ Kxg5 38. Rxe7 Rb8 39. g3 Rb4 40. Nd6 Rxa4 41. Rxh7 Be5 42. Nf5 Kg6 43. Rh6+ Kf7 44. Rc6 Rxe4 45. Rxc5 Ke6 46. g4 Ra4 47.
Kg2 Ra2 48. h4 a5 49. h5 a4 50. Ra5 a3 51. h6 Bf6 52. Ra6+ Kf7 53. h7 1-0

[Event "Late-Titled-Tuesday-Blitz-March-05-2024"]
[Site "Chess.com"]
[Date "2024.03.05"]
[Round "11"]
[White "mac0504"]
[Black "the_blue_pill"]
[Result "0-1"]
[WhiteElo "2712"]
[BlackElo "2474"]
[TimeControl "180+1"]
[EndTime "16:02:51 PST"]
[Termination "the_blue_pill won on time"]

1. Nf3 d5 2. d4 e6 3. Bf4 c5 4.
e3 Nc6 5. Nbd2 Bd6 6. Bg3 Nge7 7. c3 O-O 8. Bd3 cxd4 9. exd4 f6 10. O-O Bxg3 11.
hxg3 e5 12. dxe5 fxe5 13. Bb5 e4 14. Nd4 Nxd4 15. cxd4 Nf5 16. Nb3 a6 17. Be2 Qf6 18.
Bg4 Nd6 19. Rc1 Nc4 20. Bxc8 Raxc8 21. Qh5 Rcd8 22. Qe2 a5 23. Nc5 b6 24. Nxe4 dxe4 25. Qxc4+ Kh8 26. d5 Qxb2 27. Rb1 Qe5 28. Rbd1 e3 29.
fxe3 Qxe3+ 30. Kh2 Qh6+ 31. Kg1 Qe3+ 32. Kh2 h6 33. Rxf8+ Rxf8 34. d6 Rd8 35. Qc7 Qg5 0-1

[Event "Late-Titled-Tuesday-Blitz-March-05-2024"]
[Site "Chess.com"]
[Date "2024.03.05"]
[Round "11"]
[White "Irishchessman16"]
[Black "Goryachkina"]
[Result "0-1"]
[WhiteElo "2521"]
[BlackElo "2689"]
[TimeControl "180+1"]
[EndTime "16:02:52 PST"]
[Termination "Goryachkina won on time"]

1. d4 Nf6 2. c4 e6 3. Nc3 Bb4 4. Qc2 d5 5. cxd5 exd5 6. Bg5 O-O 7. e3 h6 8. Bh4 Re8 9. Nf3 c5 10. dxc5 Be6 11. Bb5 Nc6 12. O-O Bxc5 13. Rfd1 Rc8 14. Nd4 Bd6 15. Bg3 Bxg3 16. hxg3 Ng4 17. Nde2 a6 18.
Ba4 Qg5 19. Nf4 Red8 20. Qe2 Nf6 21. Rd2 Bg4 22. Qe1 b5 23. Bb3 d4 24. Ncd5 Nxd5 25.
Nxd5 Rxd5 26. Bxd5 Qxd5 27. Rc1 Re8 28. Rdc2 Ne5 29. Rc5 Qd6 30. Qd2 d3 31. R5c3 Be2 32.
Re1 Nc4 33. Qc1 d2 0-1

[Event "Late-Titled-Tuesday-Blitz-March-05-2024"]
[Site "Chess.com"]
[Date "2024.03.05"]
[Round "11"]
[White "Zq1"]
[Black "venturov"]
[Result "0-1"]
[WhiteElo "2568"]
[BlackElo "2487"]
[TimeControl "180+1"]
[EndTime "16:02:52 PST"]
[Termination "venturov won by resignation"]

1. d4 Nf6 2. c4 d6 3. Nc3 Nbd7 4. e4 e5 5. Nf3 g6 6. Be2 Bg7 7. O-O O-O 8. Be3 Re8 9. d5 Nh5 10. g3 Bf8 11. Nd2 Ng7 12. f3 Be7 13. Bd3 f5 14. b4 Bg5 15. Bf2 Bxd2 16. Qxd2 Nf6 17. c5 fxe4 18. Nxe4 Bh3 19. Rfe1 Rf8 20. Ng5 Nd7 21.
Nxh3 Rxf3 22. Ng5 Rxd3 23. Qxd3 Qxg5 24. Be3 Qg4 25. cxd6 cxd6 26. Rac1 Nf5 27. Rc4 Qh3 28. Bf2 Nf6 29. Qf1 Qh5 30. Qg2 Ng4 31. h3 Nxf2 32.
Kxf2 Rf8 33. Kg1 Nd4 34. Rxd4 exd4 35. g4 Qg5 36. Qe4 Qd2 37. Qe6+ Kg7 38. Re2 Qd1+ 39. Re1 Qf3 40. Qe7+ Rf7 41. Qh4 d3 42. Re7 d2 0-1

[Event "Late-Titled-Tuesday-Blitz-March-05-2024"]
[Site "Chess.com"]
[Date "2024.03.05"]
[Round "11"]
[White "Vse_po_kaify"]
[Black "GoValya"]
[Result "1-0"]
[WhiteElo "2414"]
[BlackElo "2251"]
[TimeControl "180+1"]
[EndTime "16:02:52 PST"]
[Termination "Vse_po_kaify won by checkmate"]

1. e4 e6 2. d3 d5 3. Nd2 b6 4. Ngf3 Bb7 5. g3 Nf6 6. e5 Nfd7 7. Bg2 c5 8. O-O Be7 9. Re1 O-O 10. h4 Nc6 11. Nf1 Qc7 12. Bf4 d4 13. h5 Nb4 14.
h6 g6 15. Qd2 Nd5 16. Bg5 Rae8 17. N1h2 f6 18. exf6 Bxf6 19. Bxf6 N7xf6 20. Ne5 Ne7 21. Nhf3 Nf5 22. Qg5 Qe7 23. Re2 Nd5 24. Rae1 Qxg5 25. Nxg5 Nxh6 26. Nd7 Rf5 27. Nxe6 Re7 28. Nexc5 Rxe2 29. Rxe2 bxc5 30. Nxc5 Bc6 31. Re6 Rf6 32. Rxc6 Rxc6 33.
Bxd5+ Kg7 34. Bxc6 Nf7 35. Ne6+ Kf6 36. Nxd4 Ne5 37.
c3 g5 38. Be4 h5 39. b4 g4 40.
a4 Ke7 41. b5 Kd6 42. a5 Kc5 43. b6 axb6 44. a6 b5 45. a7 b4 46. a8=Q bxc3 47. Qd5+ Kb4 48. Qxe5 c2 49. Nxc2+ Kb3 50. Nd4+ Kc3 51.
Nc6+ Kd2 52. Qb2+ Kd1 53. Nd4 h4 54. Qc2+ Ke1 55. Qe2# 1-0

[Event "Late-Titled-Tuesday-Blitz-March-05-2024"]
[Site "Chess.com"]
[Date "2024.03.05"]
[Round "11"]
[White "NovakRatko"]
[Black "SocoLoco"]
[Result "0-1"]
[WhiteElo "2355"]
[BlackElo "2227"]
[TimeControl "180+1"]
[EndTime "16:02:55 PST"]
[Termination "SocoLoco won on time"]

1. d4 d5 2. c4 Nc6 3. cxd5 Qxd5 4. Nf3 e5 5. Nc3 Bb4 6. e3 Nf6 7. Bd2 Bxc3 8. bxc3 O-O 9. c4 Qd6 10. d5 Ne7 11. Qb3 Nd7 12. Bb4 Nc5 13. Qa3 b6 14. Be2 a5 15. Bxc5 bxc5 16. Nd2 c6 17. Ne4 Qg6 18.
Ng3 cxd5 19. Qxc5 Nf5 20. Qxd5 Be6 21. Qxe5 Rfe8 22. Qf4 Rad8 23. O-O Rd2 24. Bh5 Nxg3 25. Bf3 Nxf1 26. e4 Bxc4 27. Rxf1 Bxf1 28. Qxd2 Bc4 29. Qd4 Qe6 30. a3 h6 31. Qc5 Bb3 32. Qxa5 Qc6 33. Qb4 Qc1+ 0-1

[Event "Late-Titled-Tuesday-Blitz-March-05-2024"]
[Site "Chess.com"]
[Date "2024.03.05"]
[Round "11"]
[White "Akhayan"]
[Black "Bilan_Danila"]
[Result "0-1"]
[WhiteElo "2374"]
[BlackElo "2527"]
[TimeControl "180+1"]
[EndTime "16:03:01 PST"]
[Termination "Bilan_Danila won by resignation"]

1. e4 c6 2. Ne2 d5 3. e5 Bf5 4. Nd4 Bg6 5. e6 Nf6 6. h4 fxe6 7. Nxe6 Qd6 8. Qe2 Bf5 9. Nxf8 Rxf8 10. d4 Nbd7 11.
Nc3 e5 12. dxe5 Qxe5 13. Bf4 Qxe2+ 14. Bxe2 Bxc2 15. O-O Kf7 16. Rac1 Bf5 17. Rfd1 Rfe8 18. Bf3 Ne5 19. Bxe5 Rxe5 20. Ne2 Rae8 21. Nd4 Bg4 22. b4 Bxf3 23. Nxf3 Re2 24. a4 Ra2 25. Nd4 Ne4 26.
b5 c5 27. Nf5 d4 28. f3 Nc3 29. Nd6+ Kf8 30. Re1 Rxe1+ 31. Rxe1 Re2 32. Ra1 b6 33. Nc8 d3 34. Kf1 Rb2 35. Nd6 d2 36. Nc4 Rc2 37. Nxd2 Rxd2 38. a5 Rd1+ 39. Rxd1 Nxd1 40.
a6 Nc3 0-1

[Event "Late-Titled-Tuesday-Blitz-March-05-2024"]
[Site "Chess.com"]
[Date "2024.03.05"]
[Round "11"]
[White "Kostukov_Alex"]
[Black "ShahMatKanal"]
[Result "0-1"]
[WhiteElo "2334"]
[BlackElo "2494"]
[TimeControl "180+1"]
[EndTime "16:03:03 PST"]
[Termination "ShahMatKanal won by resignation"]

1. g3 d5 2. Bg2 h5 3. Nf3 Nc6 4.
c4 d4 5. O-O e5 6. d3 Nge7 7. b4 h4 8. b5 hxg3 9. hxg3 Nb8 10. Nxe5 Qd6 11. Nf3 Ng6 12. e3 dxe3 13. Bxe3 Be7 14. Nc3 Bg4 15. Qc2 Ne5 16. Nxe5 Qxe5 17.
Rfe1 Qh5 18. f4 Nd7 19. Nd5 Kf8 20. Nxe7 Kxe7 21. Bd4+ Kf8 22. Kf2 Qf5 23. Rh1 Rxh1 24. Rxh1 Kg8 25. Bxb7 Re8 26. Be4 Qe6 27. Bh7+ Kf8 28.
Be4 f5 29. Bf3 Bxf3 30. Kxf3 c6 31. a4 cxb5 32. axb5 a6 33. bxa6 Qc6+ 34. Kf2 Qxh1 35. Bc3 Qh2+ 36. Kf3 Qxc2 37. Bb4+ Kg8 0-1

[Event "Late-Titled-Tuesday-Blitz-March-05-2024"]
[Site "Chess.com"]
[Date "2024.03.05"]
[Round "11"]
[White "ContrVersia"]
[Black "jk13"]
[Result "1-0"]
[WhiteElo "2867"]
[BlackElo "2660"]
[TimeControl "180+1"]
[EndTime "16:03:04 PST"]
[Termination "ContrVersia won by resignation"]

1. d4 Nf6 2. c4 e6 3. Nf3 Bb4+ 4. Bd2 Bxd2+ 5. Qxd2 O-O 6. g3 d5 7. Bg2 c6 8. O-O Nbd7 9. Rc1 b6 10. Qf4 Ba6 11.
Nbd2 c5 12. Ne5 cxd4 13. Nc6 Qe8 14. cxd5 Nxd5 15. Bxd5 exd5 16. Nxd4 Nc5 17. Re1 g6 18. Rad1 Qe7 19. Nb1 Rad8 20. Nc3 Qd7 21. h4 h5 22.
Nf3 Ne6 23. Qh6 Bb7 24. Ne4 dxe4 25. Rxd7 Rxd7 26. Ng5 Nxg5 27. Qxg5 Rfd8 28. Qe3 Rd2 29. Qc3 Ba6 30. Kf1 Rxe2 31. Rxe2 Rd1+ 32. Kg2 Bxe2 33. g4 Bxg4 34. Qc7 Rd3 35. Qxa7 Bf3+ 36. Kh2 b5 37.
Qb8+ Kh7 38. Qxb5 Rd2 39. Qb6 Re2 40. Kg3 Re1 41. a4 Kg7 42. Qd4+ f6 43. a5 Ra1 44. b4 Rb1 45. a6 Rd1 46. Qxd1 Bxd1 47. a7 1-0